 Dungeon Crawl Stone Soup version 0.20.1-1-g8b1a95d66d (webtiles) character file.

247 Gargoyl the Skirmisher (level 5, -6/70 HPs)
             Began as a Centaur Abyssal Knight on Dec 5, 2017.
             Was a Believer of Lugonu.
             Killed from afar by Ijyb (13 damage)
             ... with a wand of lightning (?/15)
             ... on level 3 of the Dungeon.
             The game lasted 00:06:18 (2726 turns).

Gargoyl the Skirmisher (Centaur Abyssal Knight)     Turns: 2726, Time: 00:06:19

Health: -6/70      AC: 10    Str: 20    XL:     5   Next: 85%
Magic:  7/7        EV:  4    Int: 11    God:    Lugonu [**....]
Gold:   118        SH:  0    Dex:  9    Spells: 4/4 levels left

rFire    . . .     SeeInvis .   a - +1 hand axe
rCold    . . .     Gourm    .   (no shield)
rNeg     . . .     Faith    .   r - +0 plate armour
rPois    .         Spirit   .   b - +0 helmet
rElec    .         Reflect  .   (no cloak)
rCorr    .         Harm     .   (no gloves)
MR       .....                  (no barding)
Stlth    ..........             (no amulet)
Regen    0.3/turn               (no ring)
MPRegen  0.1/turn               (no ring)

@: berserking, very quick
A: hooves 3, deformed body, speed 2, tough skin 3
a: Depart the Abyss, Bend Space, Renounce Religion


You were on level 3 of the Dungeon.
You worshipped Lugonu.
Lugonu was pleased with you.
You were not hungry.

You visited 1 branch of the dungeon, and saw 3 of its levels.
You visited the Abyss 1 time.

You collected 118 gold pieces.

Inventory:

Hand Weapons
 a - a +1 hand axe (weapon)
Missiles
 q - 8 javelins of returning (quivered)
Armour
 b - a +0 helmet (worn)
 r - a +0 plate armour (worn)
Jewellery
 o - a +2 ring of evasion {unknown}
Wands
 g - a wand of enslavement (8/24)
Scrolls
 n - a scroll of identify
 s - a scroll of remove curse
Potions
 d - a potion of agility {unknown}
 e - a potion of degeneration {unknown}
 i - a potion of cancellation {unknown}
 j - a potion of flight {unknown}
 k - a potion of berserk rage
 l - a potion of haste {unknown}
 m - a potion of lignification {unknown}
Comestibles
 c - 3 bread rations
 f - 2 meat rations
 h - a royal jelly
 p - 9 chunks of flesh


   Skills:
 + Level 4.7 Fighting
 + Level 3.1 Axes
 + Level 0.2 Throwing
 * Level 2.3 Armour
 + Level 1.0 Dodging
 * Level 2.9 Invocations


You had 4 spell levels left.
You didn't know any spells.

Dungeon Overview and Level Annotations

Branches:
Dungeon (3/15)

Altars:
Cheibriados

Annotations:
D:3 Ijyb


Innate Abilities, Weirdness & Mutations

You have hooves in place of feet.
Armour fits poorly on your strangely shaped body.
You cover ground very quickly.
You have extremely tough skin. (AC +3)


Message History

Ijyb is heavily wounded.
Ijyb hits you but does no damage.
You hit Ijyb but do no damage.
Ijyb is heavily wounded.
Ijyb hits you but does no damage.
You closely miss Ijyb. Your kick misses Ijyb.
Ijyb is heavily wounded.
Ijyb hits you but does no damage.
You hit Ijyb but do no damage. Your kick misses Ijyb.
Ijyb is heavily wounded.
Ijyb zaps a wand.
The bolt of lightning hits you!
* * * LOW HITPOINT WARNING * * *
It was a potion of berserk rage.
A red film seems to cover your vision as you go berserk!
You feel yourself moving faster!
You feel mighty! Ijyb hits you but does no damage.
You slash Ijyb! You kick Ijyb.
Ijyb is almost dead.
Ijyb zaps a wand.
The bolt of lightning hits you!
You die...

#.# #.# ##.#.#.# #..##...# #.#
#.# #......#####..###.## #.# #.#
#..#...(......# #.# #.# #.#
#..###...##...# #.# #.# #.# #..#
#........###.# ..#
###*#################.##..## ###
*,,,..........[.....#.##.... ##
*,,*...#...#...#...##.##.##. .##
*_,,......g@..........##.##.
..####,,*...#...#...#...#..##.##.
.....#,,,................#.##.##.
..########################.##.##.
.## #..# #.## ##..# #.##.##. ##
#..#####..###...#####.##.##. #
#<.#.......#................ #
#.#...................##.### #
#...............#.###.##...#


You could see Ijyb.

Vanquished Creatures
  A crimson imp (D:3)
  7 adders
  A worm (D:2)
  2 dart slugs
  3 leopard geckos
  8 orcs (D:3)
  4 bats
  3 giant cockroaches
  5 goblins
  6 hobgoblins
  3 jackals (D:1)
  A quokka (D:3)
  2 ball pythons
  4 frilled lizards
  5 kobolds
  3 rats
58 creatures vanquished.

Vanquished Creatures (collateral kills)
  A ynoxinul (Abyss:2)
1 creature vanquished.

Grand Total: 59 creatures vanquished

Notes
Turn   | Place    | Note
-------+----------+-------------------------------------------
     0 | Abyss:1  | Gargoyl the Centaur Abyssal Knight began the quest for the Orb.
     0 | Abyss:1  | Reached XP level 1. HP: 19/19 MP: 2/2
    42 | Abyss:1  | Noticed a small abomination
    45 | Abyss:1  | Noticed an insubstantial wisp
    74 | Abyss:2  | Noticed a ynoxinul
    89 | Abyss:2  | Killed a ynoxinul
    89 | Abyss:2  | Reached skill level 4 in Fighting
    89 | Abyss:2  | Reached XP level 2. HP: 28/28 MP: 3/3
    89 | Abyss:2  | Reached XP level 3. HP: 34/34 MP: 4/4
    89 | Abyss:2  | Reached XP level 4. HP: 41/41 MP: 5/5
   118 | Abyss:2  | Got a heavily runed amethyst amulet
   120 | Abyss:2  | Noticed a deep elf mage
   124 | D:1      | Escaped the Abyss
   125 | D:1      | Identified the amulet "Rysk" {Inacc Int-4 Dex+5} (You found it on level 2 of the Abyss)
   548 | D:1      | Reached * piety under Lugonu
  1420 | D:2      | Found a snail-covered altar of Cheibriados.
  1619 | D:2      | Reached XP level 5. HP: 46/47 MP: 6/6
  2238 | D:3      | Reached skill level 1 in Dodging
  2315 | D:3      | Reached ** piety under Lugonu
  2714 | D:3      | Noticed Ijyb
  2726 | D:3      | Killed from afar by Ijyb

Skill      XL: |  1  2  3  4  5 |
---------------+----------------+-----
Fighting       | 4 |  4.7
Axes           | 2 3 |  3.1
Armour         | 2 |  2.3
Dodging        | 1 |  1.0
Throwing       | |  0.2
Invocations    | |  2.9

Action                   |  1- 3 |  4- 6 || total
-------------------------+-------+-------++-------
Melee: Hand axe          |       |   183 ||   183
       Kick              |       |    32 ||    32
Throw: Javelin           |       |     6 ||     6
Invok: Depart the Abyss  |       |     1 ||     1
  Use: Scroll            |     3 |     5 ||     8
       Potion            |       |     1 ||     1
  Eat: Chunk             |       |     4 ||     4
Armor: Leather armour    |       |    28 ||    28
       Ring mail         |       |    25 ||    25
       Plate armour      |       |    58 ||    58
Dodge: Dodged            |       |    75 ||    75
